Unix NetHack Version 5.0.0-0 post-release - last build May  4 2026 22:22:43 (774f63e81ad911689b3a0859ea89b322d5daca8d,branch:main).

Game began 2026-05-05 10:02:59, ended 2026-05-05 11:03:21.

2932467751, lawful female human Priestess

               ---   ----------         ---
 --           --.-----.--.|.|.--- -------.|                      -------
 |.        ----.................---.......---#                  --.--..--
  ..       |.>......................#--#.....|                ---.......------
  -.--    --.....|..........---...#--  ##-##.|                |...<........).|
  |...-  --....^^|..........| |..-#        |.|                |..............|
  |.... --.....-#...|......-- ##-#         |.--          --   --.---.........--
  |....--.....###..----(.%.--              |..---       --.- ----- ----..--%..|
    |......---# ------......|              --...------  |...--.----   -----...|
  | |......|--##-----.......-# #---         -........|   -........--     |...--
  |.##..%..--.|.......-......-#-..--       |.-------.-------.......------|.)-|
  |.--......%.)...----..%..........|       --      |...^................|--..--
  |........!.......|...`...........|               ----------...........---@..|
  |.....^...................-#....--                        ----...........o..|
  |.|.......#--...---.......#-##..|                            |.............--
  | |....(..# |...| |..#...##  #---                            |.............--
    --......| #-..| --##..-#                                   |..............|
    ........-  #--#   ##..#                                    |.....---..--..|
    |.....|..         |...#                                    ---..-- |..|----
    ----.---.|        ##.##                                      ----  ----
       ---  --         ###
2932467751 the Acolyte       St:14 Dx:15 Co:11 In:9 Wi:18 Ch:10  Lawful
Dlvl:4  $:28 HP:0(38) Pw:56(56) AC:7  Xp:4 T:1621 

Latest messages:
 You are hit by a dagger.
 The gnome lord throws a dagger!
 The dagger hits the gnome!
 The gnome is killed!
 The gnome lord picks up 2 daggers.
 The gnome lord throws a thonged club!
 You are hit by a thonged club.
 The thonged club returns to the gnome lord's hand!
 The gnome lord throws a dagger!
 You are hit by a dagger.
 You hear crashing rock.
 The gnome lord picks up a dagger.
 You hear crashing rock.
 You hear crashing rock.
 You see here a gnome corpse.
 You have trouble lifting a gnome corpse.  Continue? [ynq] (q) q
 You hear a B flat squeak in the distance.
 The gnome lord throws a dagger!
 A dagger misses you.
 The gnome lord picks up a dagger.
 The gnome lord throws a thonged club!
 A thonged club misses you.
 You swap places with the peaceful dwarf.
 You suddenly yearn for your distant homeland.
 You hear crashing rock.
 You hear crashing rock.
 You hear crashing rock.
 You hear crashing rock.
 The gnome lord throws 2 daggers!
 You are hit by the 1st dagger.
 You are hit by the 2nd dagger.
 The gnome lord throws a thonged club!
 You are hit by a thonged club!
 The gnome lord swings his thonged club.
 The gnome lord hits!
 You kill the gnome lord!
 There are several objects here.
 The hobgoblin throws a dagger!
 You are hit by a dagger!
 The hobgoblin wields a curved sword!
 You miss the hobgoblin.
 You miss the hobgoblin.
 The hobgoblin swings his curved sword.
 The hobgoblin hits!
 You die...
 Do you want your possessions identified? [ynq] (y) y
 Do you want to see your attributes? [ynq] (y) y
 Do you want an account of creatures vanquished? [ynaq] (y) y
 Do you want to see your conduct and achievements? [ynq] (y) y
 Do you want to see the dungeon overview? [ynq] (y) y

Inventory:
 Coins    ('$')
  $ - 28 gold pieces
 Weapons  (')')
  k - a rusty +0 broadsword
  a - a blessed +1 mace (weapon in right hand)
 Armor    ('[')
  r - a cursed -1 orcish helm
  c - a +0 small shield (being worn)
  b - a +0 robe (being worn)
 Comestibles  ('%')
  m - 2 food rations
  p - a cursed tin of spinach
 Scrolls  ('?')
  q - a scroll of identify
 Spellbooks  ('+')
  h - a spellbook of detect unseen
  g - a spellbook of healing
 Potions  ('!')
  o - a potion of gain energy
  l - a blessed potion of healing
  d - 4 potions of holy water
 Tools    ('(')
  i - an oil lamp
 Gems/Stones  ('*')
  n - a worthless piece of orange glass
  t - a worthless piece of red glass

2932467751 the Priestess's attributes:

Background:
 You were an Acolyte, a level 4 human Priestess.
 You were lawful, nominally on a mission for Issek
 who was opposed by Mog (neutral) and Kos (chaotic).
 You were right-handed.
 You were in the Gnomish Mines, on level 4.
 You entered the dungeon 1621 turns ago.
 You had 146 experience points, 14 more were needed to attain level 5.

Basics:
 You had 0 out of 38 hit points.
 You had all 56 energy points (spell power).
 Your armor class was 7.
 Your wallet contained 28 zorkmids.
 Autopickup was off.

Final Characteristics:
 Your strength was 14 (limit:18/100).
 Your dexterity was 15 (limit:18).
 Your constitution was 11 (limit:18).
 Your intelligence was 9 (limit:18).
 Your wisdom was 18 (limit:18).
 Your charisma was 10 (limit:18).

Final Status:
 You weren't hungry.
 You were unencumbered.
 You were wielding a mace.
 You had basic skill with mace.

Final Attributes:
 You were devoutly aligned.
 You were guarded.
 Your spell casting was enhanced by wearing a robe.
 You are dead.

Miscellaneous:
 You didn't encounter any bones levels.
 Total elapsed playing time was 59 minutes and 39 seconds.

Major events:
 Turn
    1: 2932467751 the lawful human Priestess entered the dungeon
 1123: entered the Gnomish Mines
 1233: attained the rank of Acolyte (level 3)
 1621: killed by a hobgoblin

Spells:
 Name                 Level Category     Fail Retention
 healing                1   healing        0%  76%-100%
 detect unseen          3   divination    74%  76%-100%

Skills:
 Fighting Skills
   bare handed combat [Unskilled]
 Weapon Skills
   club               [Unskilled]
   mace               [Basic]
   morning star       [Unskilled]
   flail              [Unskilled]
   hammer             [Unskilled]
   quarterstaff       [Unskilled]
   polearms           [Unskilled]
   spear              [Unskilled]
   trident            [Unskilled]
   lance              [Unskilled]
   bow                [Unskilled]
   sling              [Unskilled]
   crossbow           [Unskilled]
   dart               [Unskilled]
   shuriken           [Unskilled]
   boomerang          [Unskilled]
   unicorn horn       [Unskilled]
 Spellcasting Skills
   healing spells     [Unskilled]
   divination spells  [Unskilled]
   clerical spells    [Basic]

Voluntary challenges:
 Character rerolling was not enabled.
 You followed a strict vegan diet.
 You were an atheist.
 You were illiterate.
 You never genocided any monsters.
 You never polymorphed an object.
 You never changed form.
 You used no wishes.
Achievements:
 You entered the Gnomish Mines.
 You attained the rank of Acolyte.

 The Dungeons of Doom: levels 1 to 3
    Level 1:
       Some fountains.
    Level 2:
       A sink.
       Stairs down to The Gnomish Mines.
    Level 3:
 The Gnomish Mines: levels 3 to 4
    Level 3:
    Level 4: <- You were here.
       Final resting place for
          you, killed by a hobgoblin.


Vanquished creatures:
  3 gnome leaders
  a werejackal
  2 large kobolds
 15 gnomes
  4 jackals
  a goblin
  3 sewer rats
  3 grid bugs
  4 lichens
  a kobold zombie
  3 newts
40 creatures vanquished.

No species were genocided or became extinct.

Game over:
                       ----------
                      /          \
                     /    REST    \
                    /      IN      \
                   /     PEACE      \
                  /                  \
                  |    2932467751    |
                  |      28 Au       |
                  |   killed by a    |
                  |    hobgoblin     |
                  |                  |
                  |                  |
                  |       2026       |
                 *|     *  *  *      | *
        _________)/\\_//(\/(/\)/\//\/|_)_______

Goodbye 2932467751 the Priestess...

You died in The Gnomish Mines on dungeon level 4 with 760 points,
and 28 pieces of gold, after 1621 moves.
You were level 4 with a maximum of 38 hit points when you died.

